 Dungeon Crawl Stone Soup version 0.30-a0-743-gbfdf073431 (webtiles) character file.

Game seed: 3911432938546694320

109939 Leeroy the Thaumaturge (level 16, -29/85 HPs)
             Began as a Vine Stalker Warper on Feb 7, 2023.
             Was a Follower of Uskayaw.
             Annihilated by a golden dragon simulacrum (32 damage)
             ... in an ice cave.
             The game lasted 00:50:33 (22152 turns).

Leeroy the Thaumaturge (Vine Stalker Warper)       Turns: 22152, Time: 00:50:34

Health: -29/85     AC: 14    Str: 21    XL:     16   Next: 53%
Magic:  0/34       EV: 19    Int: 13    God:    Uskayaw [*.....]
Gold:   1434       SH: 12    Dex: 27    Spells: 12/41 levels left

rFire   . . .      SeeInvis .    y - +8 Vampire's Tooth {megavamp}
rCold   . . .      Faith    .    b - +3 warlock's mirror {omnireflect}
rNeg    . . .      Spirit   +    c - +2 leather armour of Mental Paralysis {Str+4 Slay+5}
rPois   .          Reflect  +    (no helmet)
rElec   +          Harm     .    B - +2 cloak {Stlth+}
rCorr   .          Rampage  .    j - +0 pair of gloves
Will    ++...                    C - +2 pair of boots "Kiso" {Regen+ Dex+2}
Stlth   +++++++                  e - amulet of Thoughtfulness {RegenMP rElec Str+3 Dex+3}
HPRegen 1.94/turn                s - +4 ring of slaying
MPRegen 0.64/turn                z - ring of wizardry

@: no status effects
A: fangs 3, regeneration 1, magic shield, antimagic bite, no potion heal 2
a: Renounce Religion, Stomp


You were in an ice cave.
You worshipped Uskayaw.
Uskayaw was noncommittal.
You visited 5 branches of the dungeon, and saw 23 of its levels.
You also visited: Sewer, Bailey, Gauntlet and Ice Cave.

You collected 4513 gold pieces.
You spent 3079 gold pieces at shops.

Inventory:

Hand Weapons
 y - the +8 Vampire's Tooth (weapon) {megavamp}
   (You bought it in a shop on level 5 of the Dungeon)
 O - a +4 scimitar of flaming
 W - the +5 long sword of Iqyeplie {freeze, rPois rF+ Dex+4 Stlth+}
   (You bought it in a shop on level 2 of the Orcish Mines)

   Dex:       It affects your dexterity (+4).
   rF:        It protects you from fire.
   rPois:     It protects you from poison.
   Stlth:     It makes you more stealthy.
Missiles
 d - 11 boomerangs of dispersal
 p - 3 throwing nets
 K - 35 poisoned darts (quivered)
 V - 15 curare-tipped darts
Armour
 b - the +3 warlock's mirror (worn) {omnireflect}
   (You found it on level 10 of the Dungeon)

   Omnireflect: It can block and reflect piercing ranged attacks and magical
   attacks against the wielder's willpower.
 c - the +2 leather armour of Mental Paralysis (worn) {Str+4 Slay+5}
   (You found it on level 2 of the Lair of Beasts)

   Str:       It affects your strength (+4).
   Slay:      It affects your accuracy & damage with ranged weapons and melee
   (+5).
 j - a +0 pair of gloves (worn)
 k - +0 acid dragon scales
 B - a +2 cloak of stealth (worn)
 C - the +2 pair of boots "Kiso" (worn) {Regen+ Dex+2}
   (You bought it in a shop on level 2 of the Orcish Mines)

   Dex:       It affects your dexterity (+2).
   Regen:     It increases your rate of health regeneration.
 P - the +2 helmet of Meirchar {rPois rC- Regen+ rCorr}
   (You bought it in a shop on level 12 of the Dungeon)

   rC:        It makes you vulnerable to cold.
   rPois:     It protects you from poison.
   Regen:     It increases your rate of health regeneration.
   rCorr:     It protects you from acid and corrosion.
 Z - quicksilver dragon scales
Jewellery
 e - the amulet of Thoughtfulness (around neck) {RegenMP rElec Str+3 Dex+3}
   (You found it in a Gauntlet)

   [amulet of magic regeneration]

   It increases your rate of magic regeneration.
   Str:       It affects your strength (+3).
   Dex:       It affects your dexterity (+3).
   rElec:     It insulates you from electricity.
 i - a ring of protection from fire
 o - a ring of protection from fire
 s - a +4 ring of slaying (left hand)
 z - a ring of wizardry (right hand)
 S - a ring of ice
Wands
 A - a wand of mindburst (17)
 E - a wand of roots (11)
 Q - a wand of flame (27)
 R - a wand of quicksilver (20)
 U - a wand of paralysis (21)
Scrolls
 a - a scroll of silence
 f - 5 scrolls of enchant armour
 q - 8 scrolls of teleportation
 r - 2 scrolls of fog
 u - 3 scrolls of fear
 v - 5 scrolls of enchant weapon
 w - 7 scrolls of noise
 J - 4 scrolls of poison
 L - 3 scrolls of amnesia
 T - 2 scrolls of brand weapon
Potions
 g - 6 potions of invisibility
 h - 5 potions of haste
 l - a potion of berserk rage
 m - 10 potions of curing
 n - 8 potions of brilliance
 t - 2 potions of mutation
 x - 2 potions of ambrosia
 D - 2 potions of lignification
 F - 8 potions of attraction {unknown}
 G - 5 potions of might
 H - a potion of experience {unknown}
 I - 3 potions of cancellation {unknown}
 M - 2 potions of magic {unknown}
 X - a potion of flight {unknown}
Miscellaneous
 Y - a box of beasts (inert)


   Skills:
 - Level 10.0 Fighting
 - Level 12.6 Long Blades
 - Level 0.8 Throwing
 - Level 9.1 Armour
 + Level 7.8 Dodging
 - Level 12.0 Stealth
 - Level 11.3 Shields
 - Level 13.0 Spellcasting
 - Level 3.0 Translocations


You had 12 spell levels left.
You knew the following spells:

 Your Spells              Type           Power      Damage    Failure   Level
a - Blink                 Tloc           32%        N/A       1%          2
b - Vhi's Electric Charg  Tloc/Air       24%        N/A       8%          3
c - Manifold Assault      Tloc           16%        N/A       13%         4
d - Wereblood             Tmut           8%         N/A       7%          2
e - Hailstorm             Conj/Ice       8%         3d4       13%         3
f - Gell's Gravitas       Tloc           16%        N/A       4%          3
g - Irradiate             Conj/Tmut      4%         3d13      73%         5
h - Confusing Touch       Hex            8%         N/A       13%         3
i - Fulminant Prism       Conj/Hex       4%         3d5       38%         4

Your spell library contained the following spells:

 Spells                   Type           Power      Damage    Failure   Level
 Lesser Beckoning         Tloc           32%        N/A       1%          2
 Beastly Appendage        Tmut           16%        N/A       4%          1
 Freeze                   Ice            32%        1d5       4%          1
 Kiss of Death            Conj/Necr      32%        2d7       4%          1
 Teleport Other           Tloc           16%        N/A       4%          3
 Kindle Blastsparks       Fire/Tloc/Air  22%        2d11      9%          3
 Call Canine Familiar     Summ           8%         N/A       13%         3
 Frozen Ramparts          Ice            16%        1d3       13%         3
 Ignite Poison            Fire/Tmut/Pois 8%         N/A       13%         3
 Ozocubu's Armour         Ice            8%         N/A       13%         3
 Spider Form              Tmut/Pois      8%         N/A       13%         3
 Passage of Golubria      Tloc           16%        N/A       13%         4
 Iskenderun's Mystic Bla  Conj/Tloc      12%        2d5       24%         4
 Dispel Undead            Necr           8%         3d8       38%         4
 Freezing Cloud           Conj/Ice/Air   4%         6-21      73%         5
 Lee's Rapid Deconstruct  Erth           4%         3d5*      73%         5
 Metabolic Englaciation   Hex/Ice        4%         N/A       73%         5
 Silence                  Hex/Air        4%         N/A       73%         5
 Dispersal                Tloc           8%         N/A       86%         6
 Simulacrum               Ice/Necr       4%         N/A       99%         6
 Malign Gateway           Summ/Tloc      6%         N/A       100%        7
 Lehudib's Crystal Spear  Conj/Erth      4%         10d3      100%        8
 Shatter                  Erth           4%         3d7*      100%        9


Dungeon Overview and Level Annotations

Branches:
Dungeon (13/15)            Temple (1/1) D:5            Lair (5/5) D:10
 Shoals (0/4) Lair:3        Snake (2/4) Lair:2        Slime (0/5) Lair:4
    Orc (2/2) D:11            Elf (0/3) Orc:2        Vaults (0/5) D:13
  Sewer (visited)          Bailey (visited)           IceCv (1/1)
Gauntlet (visited)

Altars:
Ashenzari
Cheibriados
Dithmenos
Elyvilon
Fedhas
Gozag
Hepliaklqana
Kikubaaqudgha
Makhleb
Nemelex Xobeh
Okawaru
Qazlal
Ru
Sif Muna
Trog
Uskayaw
Vehumet
Wu Jian
Xom
Yredelemnul
Zin
The Shining One
Jiyva

Shops:
D:5 *   D:11 [   D:12 [   Orc:2 (:*[   Snake:2 *:

Annotations:
D:5 3 runed translucent doors, Flippered's ghost, novice OgFE; KingMieszko3's ghost, novice MiBe; Stoves66's ghost, amateur DsGl; emiel's ghost, amateur DsFE; initializr's ghost, novice OgFi
D:10 3 runed translucent doors, MoonlitKnight's ghost, journeyman DECj IceCv 1 transporter, exclusion: orange crystal statue


Innate Abilities, Weirdness & Mutations

You have razor-sharp teeth.
Your natural rate of healing is unusually fast.
When hurt, damage is shared between your health and your magic reserves.
Your bite disrupts and absorbs the magic of your enemies.
Potions cannot restore your health.


Message History

The golden dragon simulacrum vaporises!
Unknown command.
HP restored.
A golden dragon simulacrum is nearby!
A golden dragon simulacrum is nearby!
Found three items.
Okay, then.
Okay, then.
Okay, then.
Okay, then.
Found four items.
Marking area around an orange crystal statue as unsafe for travelling.
You see here a book of the Moon.
You pick up a book of the Moon and begin reading...
You add the spells Passage of Golubria and Silence to your library.
The golden dragon simulacrum bites you!
The golden dragon simulacrum freezes you!!!
The golden dragon simulacrum claws you.
The golden dragon simulacrum freezes you!!!
* * * LOW HITPOINT WARNING * * *
The golden dragon simulacrum tramples you but does no damage.
You see here a scroll of magic mapping.
Okay, then.
Okay, then.
Okay, then.
You hit the golden dragon simulacrum but do no damage.
You bite the golden dragon simulacrum, but do no damage.
You hit the golden dragon simulacrum but do no damage.
You hit the golden dragon simulacrum. You bite the golden dragon simulacrum!
You drain its power.
You feel invigorated.
The golden dragon simulacrum is moderately damaged.
You puncture the golden dragon simulacrum!
You bite the golden dragon simulacrum! You drain its power.
You feel invigorated.
The golden dragon simulacrum is severely damaged.
You block the golden dragon simulacrum's attack.
The golden dragon simulacrum claws you!
* * * LOW HITPOINT WARNING * * *
The golden dragon simulacrum freezes you!!!
You die...

##### ####...###
##........## #8..
##..........##8...
##...........#8....
#.......8..$.#....?
#........Z$.8#...[)
#∩∩......@?©©#W.u=8
#.........$.8#...?|
#.......8....#....)
##...........#8...W
##..........# 8...
##........## 8 .
####...### #####


You could see a white very ugly thing (asleep), a freezing wraith and a golden
dragon simulacrum.

Vanquished Creatures
  Kirke (D:13)
  A very ugly thing (IceCv)
  Azrael (D:13)
  The ghost of derval the Summoner, a journeyman OpSu of Gozag (Lair:5)
  Fannar (Orc:1)
  Harold (D:9)
  9 hydras
  A salamander tyrant (Snake:2)
  Josephine (Orc:2)
  4 vault guards
  An ice dragon (Snake:2)
  3 catoblepae (Lair:5)
  7 two-headed ogres
  6 centaur warriors
  2 anacondas (Snake:1)
  5 boulder beetles
  An ogre mage (Orc:2)
  3 naga sharpshooters (Snake:1)
  12 death yaks
  A shock serpent (Snake:1)
  Sonja (Lair:4)
  A salamander mystic (Snake:2)
  A naga ritualist (Snake:1)
  A harpy (Lair:3)
  2 orc knights (Orc:1)
  4 mana vipers (Snake:1)
  9 wizards
  2 necromancers
  9 deep elf pyromancers
  4 deep elf zephyrmancers (Orc:1)
  5 orc sorcerers (Orc:2)
  8 cyclopes
  4 salamanders
  6 manticores
  4 elephants (Lair:4)
  7 ugly things
  9 black mambas
  A naga mage (Snake:1)
  Maurice (D:13)
  5 gargoyles
  10 cane toads
  Psyche (D:7)
  An unseen horror (D:13)
  6 komodo dragons
  5 rime drakes
  3 anaconda simulacra (IceCv)
  A tengu conjurer (D:13)
  A queen bee (Gauntlet)
  11 trolls
  2 golden dragon simulacra (IceCv)
  4 hornets
  2 polar bears (D:10)
  7 blink frogs
  6 dream sheep (Lair:5)
  5 slime creatures
  A shadow (D:13)
  2 vampires (D:11)
  6 wraiths
  4 wyverns
  A dire elephant simulacrum (IceCv)
  47 yaks
  2 hogs (D:13)
  2 steam dragons
  A basilisk (D:11)
  6 fire elementals
  5 vampire mosquitoes
  5 wargs
  A harpy simulacrum (IceCv)
  7 nagas
  4 acid dragons
  A hell hound (D:13)
  4 water moccasins
  7 ice beasts
  25 orc warriors
  A black bear (D:4)
  12 ogres
  2 sky beasts (D:7)
  6 wolves
  17 centaurs
  8 kobold brigands
  Blork the orc (D:4)
  A scorpion (D:6)
  A gnoll sergeant (D:9)
  A necrophage (D:6)
  4 bullfrogs
  22 wights
  6 killer bees (Gauntlet)
  2 electric eels
  2 howler monkeys
  10 orc priests
  2 gnoll boudas
  8 hounds
  2 iguanas (D:6)
  5 jellies
  Jessica (D:3)
  40 orc wizards
  4 polar bear simulacra (Lair:2)
  3 yak simulacra (Lair:2)
  2 wolf simulacra (Lair:2)
  14 gnolls
  10 adders
  A shadow imp (D:8)
  2 white imps
  2 worms
  5 dart slugs
  72 orcs
  17 endoplasms
  2 giant cockroaches
  9 goblins
  2 hobgoblins (D:2)
  38 kobolds
  3 quokkas
  9 ball pythons
  8 bats
  6 frilled lizards
  12 rats
  2 river rat simulacra (Lair:2)
  A toadstool (D:1)
720 creatures vanquished.

Vanquished Creatures (others)
  A wizard (D:10)
  2 humans
  An orc priest (Orc:1)
  An orc wizard (Orc:1)
  2 orcs
  A kobold (D:2)
  7 fungi
  4 plants
  7 toadstools
26 creatures vanquished.

Grand Total: 746 creatures vanquished

Notes
Turn   | Place    | Note
-------+----------+-------------------------------------------
     0 | D:1      | Leeroy the Vine Stalker Warper began the quest for the Orb.
     0 | D:1      | Reached XP level 1. HP: 11/11 MP: 4/4
   343 | D:1      | Reached XP level 2. HP: 15/15 MP: 6/6
   791 | D:1      | Learned a level 2 spell: Blink
  1130 | D:2      | Reached XP level 3. HP: 16/18 MP: 7/7
  1338 | D:2      | Found a faded altar of an unknown god.
  1396 | D:2      | Found a snail-covered altar of Cheibriados.
  1523 | D:3      | Noticed Jessica
  1528 | D:3      | Killed Jessica
  1529 | D:3      | Gained mutation: Your natural rate of healing is unusually
                  | fast. [Vine Stalker growth]
  1529 | D:3      | Reached XP level 4. HP: 23/23 MP: 8/8
  2020 | D:3      | Reached XP level 5. HP: 26/26 MP: 9/9
  2238 | D:4      | Reached skill level 5 in Long Blades
  2407 | D:4      | Noticed a black bear
  2416 | D:4      | Killed a black bear
  2417 | D:4      | Reached XP level 6. HP: 30/30 MP: 10/10
  2458 | D:4      | Found a bloodstained altar of Trog.
  2637 | D:4      | Found a glowing golden altar of the Shining One.
  2773 | D:4      | Learned a level 3 spell: Vhi's Electric Charge
  2788 | D:4      | Learned a level 4 spell: Manifold Assault
  2789 | D:5      | Entered Level 5 of the Dungeon
  2789 | D:5      | Found a staircase to the Ecumenical Temple.
  2822 | D:5      | Noticed Blork the orc
  2824 | Temple   | Entered the Ecumenical Temple
  2866 | Temple   | Became a worshipper of Uskayaw the Reveller
  3059 | D:4      | Reached * piety under Uskayaw
  3063 | D:4      | Killed Blork the orc
  3063 | D:4      | Reached ** piety under Uskayaw
  3115 | D:5      | Found Kebugy's General Store.
  3133 | D:5      | Reached XP level 7. HP: 28/34 MP: 11/11
  3370 | D:5      | Reached *** piety under Uskayaw
  3591 | D:5      | Found a sacrificial altar of Ru.
  3616 | D:5      | Found a blossoming altar of Fedhas.
  3653 | D:5      | Found a runed translucent gate.
  3653 | D:5      | Found a runed translucent gate.
  3653 | D:5      | Found a runed translucent gate.
  3655 | D:5      | Noticed emiel's ghost (amateur DsFE)
  3655 | D:5      | Noticed Stoves66's ghost (amateur DsGl)
  3656 | D:5      | Noticed Flippered's ghost (novice OgFE)
  3661 | D:5      | Noticed KingMieszko3's ghost (novice MiBe)
  3667 | D:5      | Noticed initializr's ghost (novice OgFi)
  3835 | D:5      | Reached **** piety under Uskayaw
  3844 | D:6      | Reached ***** piety under Uskayaw
  3863 | D:6      | Found a glowing drain.
  3885 | Sewer    | Entered a sewer
  4018 | Sewer    | Reached skill level 5 in Dodging
  4018 | Sewer    | Gained mutation: You have razor-sharp teeth. [Vine Stalker
                  | growth]
  4018 | Sewer    | Reached XP level 8. HP: 38/38 MP: 12/12
  4351 | D:6      | Found a burning altar of Makhleb.
  4352 | D:6      | Found a stormy altar of Qazlal.
  4737 | D:7      | Reached XP level 9. HP: 39/42 MP: 10/13
  5174 | D:7      | Reached skill level 10 in Long Blades
  5790 | D:7      | Noticed a komodo dragon
  6070 | D:2      | Reached XP level 10. HP: 46/46 MP: 14/14
  6365 | D:7      | HP: 2/46 [komodo dragon (20)]
  6547 | D:7      | Found a hazy altar of Hepliaklqana.
  6604 | D:8      | Noticed Psyche
  6612 | D:7      | Killed Psyche
  6717 | D:8      | Found a flagged portal.
  7091 | Bailey   | Entered a bailey
  7377 | Bailey   | Found a burning altar of Makhleb.
  7547 | D:8      | Found an ancient bone altar of Kikubaaqudgha.
  7621 | D:5      | Bought the +8 Vampire's Tooth {megavamp} for 840 gold
                  | pieces
  7621 | D:5      | Found the +8 Vampire's Tooth {megavamp}
  7902 | D:9      | Noticed a centaur warrior
  7906 | D:9      | Reached skill level 1 in Armour
  7927 | D:9      | Killed a centaur warrior
  7953 | D:9      | Reached XP level 11. HP: 45/50 MP: 15/15
  7986 | D:9      | Noticed a deep elf pyromancer
  8082 | D:9      | Reached skill level 5 in Armour
  8091 | D:9      | Reached ****** piety under Uskayaw
  8344 | D:9      | Found a sparkling altar of Nemelex Xobeh.
  8546 | D:9      | Noticed Harold
  8555 | D:9      | Noticed a boulder beetle
  8566 | D:9      | Killed a boulder beetle
  8581 | D:9      | Killed Harold
  8606 | D:9      | Killed a deep elf pyromancer
  8694 | D:10     | Entered Level 10 of the Dungeon
  8737 | D:10     | Noticed a two-headed ogre
  8947 | D:10     | Found an ornate altar of the Wu Jian Council.
  9009 | D:10     | Found a staircase to the Lair.
  9058 | D:10     | Found a radiant altar of Vehumet.
  9204 | D:10     | Found a runed translucent gate.
  9204 | D:10     | Found a runed translucent gate.
  9204 | D:10     | Found a runed translucent gate.
  9204 | D:10     | Noticed MoonlitKnight's ghost (journeyman DECj)
  9364 | D:10     | Noticed a wizard
  9383 | D:10     | Killed a wizard
  9429 | D:10     | Reached XP level 12. HP: 52/53 MP: 14/16
  9555 | D:10     | Found the +3 warlock's mirror {omnireflect}
  9630 | D:10     | Reached skill level 1 in Shields
 10111 | D:10     | Killed a two-headed ogre
 10252 | D:10     | Learned a level 2 spell: Wereblood
 10256 | D:10     | Learned a level 3 spell: Hailstorm
 10333 | D:11     | Noticed a boulder beetle
 10367 | D:11     | Killed a boulder beetle
 10412 | D:11     | Noticed a six-headed hydra
 10420 | D:11     | Killed a six-headed hydra
 10421 | D:11     | Reached skill level 5 in Shields
 10680 | D:11     | Noticed a centaur warrior
 10689 | D:11     | Killed a centaur warrior
 10707 | D:11     | Noticed a boulder beetle
 10747 | D:11     | Killed a boulder beetle
 10834 | D:11     | Reached XP level 13. HP: 59/59 MP: 17/17
 10928 | D:11     | Found a staircase to the Orcish Mines.
 10928 | D:11     | Found Wytac's Armour Shoppe.
 10949 | D:11     | Bought a scarf of repulsion for 144 gold pieces
 11677 | D:12     | Found a gate leading to a gauntlet.
 11705 | D:12     | Found Nutzijuv's Antique Armour Shop.
 11718 | D:12     | Bought a jewelled helmet for 256 gold pieces
 11718 | D:12     | Identified the +2 helmet of Meirchar {rPois rC- Regen+
                  | rCorr} (You bought it in a shop on level 12 of the Dungeon)
 11723 | D:12     | Bought a glowing cloak for 202 gold pieces
 12094 | Gauntlet | Entered a Gauntlet
 12094 | Gauntlet | Found a transporter.
 12094 | Gauntlet | Found a transporter.
 12094 | Gauntlet | Found a transporter.
 12104 | Gauntlet | Found a transporter.
 12107 | Gauntlet | Found a transporter.
 12115 | Gauntlet | Found a transporter.
 12118 | Gauntlet | Found a transporter.
 12122 | Gauntlet | Found a runed translucent door.
 12124 | Gauntlet | Found a runed translucent door.
 12126 | Gauntlet | Found a transporter.
 12144 | Gauntlet | Found a transporter.
 12161 | Gauntlet | Found a transporter.
 12164 | Gauntlet | Found a transporter.
 12174 | Gauntlet | Found a transporter.
 12401 | Gauntlet | Reached skill level 10 in Shields
 12523 | Gauntlet | Identified the amulet of Thoughtfulness {RegenMP rElec
                  | Str+3 Dex+3}
 12568 | Gauntlet | Noticed a minotaur
 12599 | Gauntlet | Got The Elucidation of Greatest Risks and Utility
 13427 | D:12     | Reached skill level 3 in Spellcasting
 13454 | D:12     | Got Zeunt's Compendium of Locality
 13574 | D:13     | Reached skill level 5 in Fighting
 13645 | D:13     | Noticed a vault guard
 13665 | D:13     | Reached XP level 14. HP: 68/68 MP: 20/20
 13671 | D:13     | Reached skill level 4 in Spellcasting
 13671 | D:13     | Noticed Kirke
 13771 | D:12     | Learned a level 3 spell: Gell's Gravitas
 13806 | Orc:1    | Entered Level 1 of the Orcish Mines
 13918 | Orc:1    | Noticed Fannar
 13943 | Orc:1    | Killed Fannar
 14339 | Orc:2    | Entered Level 2 of the Orcish Mines
 14633 | Orc:2    | Found Cirph's General Store.
 14656 | Orc:2    | Bought a scroll of brand weapon for 152 gold pieces
 14661 | Orc:2    | Found Fothoc's Antique Armour Emporium.
 14689 | Orc:2    | Bought a pair of warped boots for 228 gold pieces
 14689 | Orc:2    | Identified the +2 pair of boots "Kiso" {Regen+ Dex+2} (You
                  | bought it in a shop on level 2 of the Orcish Mines)
 14719 | Orc:2    | Reached skill level 10 in Fighting
 14924 | Orc:2    | Found Fiorab's Book Emporium.
 14965 | Orc:2    | Found Kaden's Weapon Boutique.
 15007 | Orc:2    | Found a staircase to the Elven Halls.
 15046 | Orc:2    | Bought the +5 long sword of Iqyeplie {freeze, rPois rF+
                  | Dex+4 Stlth+} for 849 gold pieces
 15106 | Orc:2    | Noticed Josephine
 15117 | Orc:2    | Killed Josephine
 15118 | Orc:2    | Reached skill level 5 in Spellcasting
 15540 | Orc:2    | Identified 2 scrolls of acquirement
 15540 | Orc:2    | Acquired 1111 gold pieces
 15543 | Orc:2    | Acquired Astrierhu's Exposition on Production and
                  | Concussion
 15551 | Orc:2    | Learned a level 5 spell: Irradiate
 15661 | D:13     | Killed Kirke
 15662 | D:13     | Reached skill level 6 in Spellcasting
 15729 | D:13     | Found a gate to the Vaults.
 15822 | D:13     | Reached skill level 7 in Spellcasting
 15864 | D:13     | Noticed Maurice
 15879 | D:13     | Killed Maurice
 15918 | D:13     | Found a shadowy altar of Dithmenos.
 15929 | D:13     | Reached XP level 15. HP: 80/80 MP: 27/27
 15940 | D:13     | Reached skill level 8 in Spellcasting
 15970 | D:13     | Noticed Azrael
 16004 | D:13     | Killed Azrael
 16013 | D:13     | Reached skill level 9 in Spellcasting
 16806 | Orc:2    | Bought a book of Touch for 374 gold pieces
 16810 | Orc:2    | Learned a level 3 spell: Confusing Touch
 17007 | Lair:1   | Entered Level 1 of the Lair of Beasts
 17215 | Lair:1   | Found an ancient bone altar of Kikubaaqudgha.
 17689 | Lair:2   | Reached skill level 10 in Spellcasting
 17772 | Lair:2   | Found a staircase to the Snake Pit.
 17979 | Lair:2   | Identified the +2 leather armour of Mental Paralysis {Str+4
                  | Slay+5}
 18684 | Lair:3   | Identified the +11 great mace of Plague {speed, rC+ Int+4
                  | Dex+2}
 18794 | Lair:3   | Found a staircase to the Shoals.
 18802 | Lair:3   | Reached skill level 11 in Spellcasting
 18851 | Lair:3   | Reached skill level 1 in Stealth
 19993 | Lair:4   | Noticed Sonja
 20032 | Lair:4   | Killed Sonja
 20033 | Lair:4   | Found a viscous altar of Jiyva.
 20048 | Lair:4   | Found a staircase to the Slime Pits.
 20345 | Lair:4   | Identified the +0 giant spiked club of the Shallot {freeze,
                  | rN++ Str+2 Int-3}
 20394 | Lair:4   | Identified the +10 war axe of Tyituk {freeze, Contam rC+
                  | Int+2 SInv}
 20397 | Lair:4   | Reached skill level 5 in Stealth
 20585 | Lair:5   | Entered Level 5 of the Lair of Beasts
 20636 | Lair:5   | Noticed derval's ghost (journeyman OpSu)
 20651 | Lair:5   | Identified the +1 robe "Dimi Axe" {rN+ Will+ Stlth-}
 20661 | Lair:5   | Found a runed translucent door.
 20845 | Lair:5   | Reached skill level 10 in Stealth
 20889 | Lair:5   | Reached XP level 16. HP: 85/85 MP: 32/32
 20895 | Lair:5   | Identified the +4 spear of Xucs {heavy, rC+ Dex+3}
 21539 | Lair:5   | Killed derval's ghost
 21614 | Snake:1  | Entered Level 1 of the Snake Pit
 21668 | Snake:1  | Reached skill level 12 in Spellcasting
 21804 | Snake:1  | You fall into a shaft and drop 1 floor!
 21989 | Snake:2  | Found Bicvis's Tremendous Tomes.
 22002 | Snake:2  | Learned a level 4 spell: Fulminant Prism
 22025 | Snake:2  | Found Vocepro's General Store.
 22026 | Snake:2  | Found Qesevvad's Specific Store.
 22027 | Snake:2  | Found a frozen archway.
 22037 | Snake:2  | Bought a scroll of identify for 34 gold pieces
 22071 | IceCv    | Entered an ice cave
 22090 | IceCv    | Found a transporter.
 22109 | IceCv    | Reached skill level 13 in Spellcasting
 22148 | IceCv    | HP: 2/85 [golden dragon simulacrum (35)]
 22152 | IceCv    | Annihilated by a golden dragon simulacrum

Illustrated notes

Levels and vault maps discovered:
D:1:      tarquinn_simple_flora_water_e, layout_basic, minmay_statues_item,
          nrook_loot_triangle, minmay_gold_behind_fungi, minmay_misc_feat_rugged
D:2:      cheibrodos_fertilizer, layout_rooms, nicolae_ecumenical_oubliette,
          basic_altar
D:3:      layout_loops_ring, uniq_jessica
D:4:      layout_rooms, kennysheep_mini, tso_oasis_becter, fountainhead,
          patterned_corridor
D:5:      layout_cave_pools, mainiacjoe_overflow_alcove_2, fedhas_altar_3,
          minmay_temple_entry_mist, serial_shops, shop,
          gammafunk_ghost_cemetery, st_stairs_10, uniq_blork_the_orc
D:6:      layout_gridville, mainiacjoe_overflow_divided_tiny,
          portal_sewer_entry_a
D:7:      layout_loops_ring, worldfamousw_hep_ancestral_shrine,
          minmay_chambers_of_fives
D:8:      layout_basic, tgw_kikubaaqudgha, enter_bailey_5,
          chequers_serial_rivers_small_b, uniq_psyche
D:9:      layout_cave_pools, marbit_many_paths, small_chamber_with_monster,
          kb_rosetta, uniq_harold
D:10:     minmay_smoke_and_mirrors, layout_loops_ring,
          mainiacjoe_overflow_chevrons, mainiacjoe_overflow_catwalk,
          hellmonk_lair_entry_icy, gammafunk_ghost_nasty_kobolds
D:11:     nicolae_hexawheel, layout_layer_cave, orc_david_3
D:12:     cheibrodos_lost_city_excavation, layout_loops_corners, serial_shops,
          nicolae_shop_trees, gauntlet_entry_generic, evilmike_butchery
D:13:     layout_small_grid, lightli_vaults_fourway_checkpoint,
          minmay_ruined_shrine, uniq_kirke, uniq_azrael, uniq_maurice
Temple:   nicolae_temple_ecumenical_triangle
Lair:1:   layout_gridlike, basic_altar
Lair:2:   layout_gridlike, guppyfry_snake_entry_island, eino_house_with_fridge
Lair:3:   layout_cave_pods, nicolae_shoals_entry_roost
Lair:4:   layout_misc_corridors, nicolae_slime_entry_field_trip, uniq_sonja
Lair:5:   evilmike_catoblepas_cave, layout_hall_layers,
          hellmonk_ghost_happy_afterlife
Snake:1:  layout_rooms
Snake:2:  layout_concentric_octagons, portal_ice_cave_entry_dragon,
          nicolae_specific_store, nicolae_shop_i_like_big_books,
          serial_bayou_pond_e, nicolae_snake_double_loop, st_stairs_5,
          nicolae_snake_coiling_death, lemuel_fruit_tree
Orc:1:    layout_diamond_mine, elves_outpost_lemuel, uniq_fannar
Orc:2:    st_orc_town, layout_caves, uniq_josephine
IceCv:    ice_cave_statue_garden_transporter

Skill      XL: |  1  2  3  4  5  6  7  8  9 10 11 12 13 14 15 16 |
---------------+-------------------------------------------------+-----
Long Blades    | 2 3 4 6 7 10 12 | 12.6
Dodging        | 2 5 6 7 |  7.8
Armour         | 4 9 |  9.1
Fighting       | 2 5 10 | 10.0
Shields        | 7 11 | 11.3
Spellcasting   | 3 7 11 13 | 13.0
Stealth        | 10 12 | 12.0
Throwing       | |  0.8
Translocations | |  3.0

Action                     |  1- 3 |  4- 6 |  7- 9 | 10-12 | 13-15 | 16-18 || total
---------------------------+-------+-------+-------+-------+-------+-------++-------
  Melee: Falchion          |    81 |   104 |   255 |       |       |       ||   440
         Bite              |    19 |    31 |    96 |   271 |   573 |    88 ||  1078
         Punch             |     1 |     2 |     2 |     7 |       |       ||    12
         Scimitar          |       |       |    38 |   123 |       |       ||   161
         Quick blade       |       |       |       |   489 |  1223 |   191 ||  1903
  Throw: Dart              |       |       |       |    14 |     5 |       ||    19
   Cast: Vhi's Electric Ch |       |       |     7 |     1 |     6 |       ||    14
         Blink             |       |       |     2 |     2 |     3 |     1 ||     8
         Confusing Touch   |       |       |       |       |       |     1 ||     1
 Invoke: Grand Finale      |       |       |       |       |     2 |       ||     2
  Evoke: Box of beasts     |       |       |       |       |     1 |     1 ||     2
    Use: Scroll            |       |       |       |    12 |    12 |     6 ||    30
   Stab: Paralysed         |       |       |    11 |    32 |    58 |    19 ||   120
         Sleeping          |       |       |     4 |       |    11 |     5 ||    20
         Distracted        |       |       |     1 |       |     2 |       ||     3
 Armour: Leather armour    |    26 |       |       |       |    21 |    21 ||    68
         Chain mail        |     2 |    64 |       |       |       |       ||    66
         Robe              |       |     1 |    45 |    13 |       |       ||    59
         Scale mail        |       |       |       |    16 |       |       ||    16
         Acid dragon scale |       |       |       |    33 |   114 |       ||   147
  Dodge: Dodged            |    43 |    44 |   180 |   195 |   328 |    47 ||   837
         Repelled          |       |       |       |       |     9 |       ||     9
  Block: Buckler           |       |       |       |    31 |   296 |    52 ||   379
         Reflection        |       |       |       |     4 |    37 |     3 ||    44

Table legend: (Time is in decaauts)
 A = Elapsed time spent in this place.
 B = Non-inter-level travel time spent in this place.
 C = Inter-level travel time spent in this place.
 D = Time resting spent in this place.
 E = Time spent auto-exploring this place.
 F = Levels seen in this place.
 G = Mean time per level.
                   A        B        C        D        E       F      G
               +--------+--------+--------+--------+--------+-----+--------+
         Total |  20943 |  18475 |   2468 |    714 |  13200 |  27 |  775.7 |
       Dungeon |  13520 |  11922 |   1598 |    447 |   8649 |  13 | 1040.0 |
        Temple |     74 |     45 |     29 |      0 |     30 |   1 |   74.0 |
          Lair |   4109 |   3622 |    487 |     12 |   3022 |   5 |  821.8 |
     Snake Pit |    394 |    387 |      7 |     62 |    167 |   2 |  197.0 |
  Orcish Mines |   1712 |   1366 |    346 |      0 |    969 |   2 |  856.0 |
         Sewer |    246 |    246 |      0 |      0 |    125 |   1 |  246.0 |
        Bailey |    375 |    375 |      0 |    111 |     67 |   1 |  375.0 |
      Ice Cave |     60 |     60 |      0 |      0 |     23 |   1 |   60.0 |
      Gauntlet |    450 |    450 |      0 |     81 |    146 |   1 |  450.0 |
               +--------+--------+--------+--------+--------+-----+--------+

Top non-repeatable levels by time:
     D:7: 1652 daAuts
    D:11: 1446 daAuts
    D:10: 1426 daAuts
    D:12: 1347 daAuts
   Orc:2: 1139 daAuts
     D:1: 1043 daAuts
     D:4: 970 daAuts
  Lair:2: 965 daAuts
  Lair:3: 936 daAuts
     D:6: 891 daAuts
     D:8: 889 daAuts
  Lair:5: 867 daAuts
    D:13: 843 daAuts
     D:5: 839 daAuts
     D:9: 772 daAuts
